Map: 赛博森林-天梯版

Players

SpeCial - Winner!

  • Race: Terran Terran

Crimson

  • Race: Zerg Zerg
  • League: Master

Event: WESG 2018 Grand Finals

VOD

Have the link to the VOD?

Description

Time

  • Played on: March 11, 2019, 6:53 a.m.
  • Length: 8:08

All games in this series

Show
View Real Time Build Order
Export as new Build Order

SpeCial Terran - Winner!

Build Orders: Reaper Expand 

Get SALT Encoding   

  12  0:00  SCV  
  13  0:12  SCV  
  14  0:17  Supply Depot  
  14  0:25  SCV  
  15  0:38  SCV  
  15  0:39  Barracks  
  16  0:43  Refinery  
  16  0:50  SCV  
  17  1:02  SCV  
  18  1:15  SCV  
  19  1:27  Reaper, Orbital Command  
  20  1:40  Command Center  
  20  1:49  Supply Depot  
  20  1:53  SCV  
  21  1:59  Marine  
  22  2:05  Factory  
  22  2:08  SCV  
  23  2:20  Bunker  
  23  2:21  Barracks Reactor  
  24  2:22  SCV  
  24  2:26  Refinery  
  24  2:35  SCV  
  25  2:47  SCV  
  26  2:52  Orbital Command  
  26  2:57  Factory Tech Lab, Marine  
  26  2:58  Marine  
  28  2:59  SCV  
  28  3:00  Starport  
  29  3:11  SCV  
  30  3:15  Marine x2  
  30  3:16  Orbital Command  
  32  3:20  Cyclone  
  32  3:23  SCV  
  32  3:26  Supply Depot  
  36  3:35  Marine x2, SCV  
  39  3:43  SCV  
  39  3:44  Medivac  
  39  3:47  SCV  
  43  3:53  Marine x2  
  43  3:55  SCV  
  46  3:59  SCV  
  46  4:01  Siege Tank  
  46  4:02  Supply Depot  
  50  4:07  SCV  
  51  4:11  Supply Depot, SCV  
  52  4:19  SCV  
  52  4:20  Barracks Tech Lab  
  52  4:21  Barracks  
  52  4:23  SCV  
  54  4:30  Engineering Bay  
  54  4:31  Barracks, Starport Reactor, SCV  
  54  4:35  SCV  
  54  4:36  Supply Depot  
  56  4:41  Marine  
  56  4:43  Stimpack  
  56  4:46  SCV  
  56  4:48  SCV  
  58  4:55  Siege Tank  
  58  4:58  Marine, SCV  
  63  5:00  SCV  
  63  5:01  Refinery  
  63  5:03  Supply Depot  
  64  5:09  Marine x2  
  64  5:10  SCV  
  67  5:16  Refinery, Starport Reactor  
  67  5:20  SCV  
  68  5:23  Supply Depot, SCV  
  68  5:24  Terran Infantry Weapons Level 1  
  68  5:25  Marine x3  
  68  5:26  Marine, Supply Depot  
  73  5:28  Marine  
  73  5:32  SCV  
  73  5:35  SCV  
  76  5:39  Siege Tank  
  79  5:46  Marine x3, Supply Depot  
  79  5:47  Marauder  
  84  5:57  Marine, Supply Depot  
  84  5:59  Medivac  
  84  6:02  Medivac  
  84  6:04  Marine  
  90  6:07  Command Center  
  90  6:11  Marine x2, Supply Depot  
  90  6:13  Marauder  
  94  6:18  Siege Tank  
  94  6:23  Marine x2  
  94  6:25  SCV x2  
  101  6:30  Supply Depot  
  101  6:34  Marine x3  
  104  6:40  Marine  
  104  6:41  Marine  
  104  6:43  Combat Shield  
  104  6:44  Medivac x2  
  110  6:51  Marine  
  110  6:52  Marine x2  
  113  6:58  Marine x2  
  115  7:07  Barracks  
  115  7:09  Barracks, Marine x2  
  115  7:10  Marine  
  115  7:16  Marine x2  
  115  7:20  Medivac  
  116  7:27  Marine x2  
  116  7:28  Marine  
  116  7:29  Siege Tank  
  116  7:33  Orbital Command  
  116  7:34  Marine x2  
  118  7:41  SCV  
  118  7:43  Supply Depot  
  119  7:45  Marine x2  
  119  7:46  Marauder  
  122  7:56  Barracks Tech Lab  
Show
View Real Time Build Order
Export as new Build Order

Crimson Zerg 

Build Orders: Pool First 

Get SALT Encoding   

  12  0:00  Drone  
  13  0:12  Overlord  
  13  0:16  Drone  
  14  0:31  Drone x2  
  16  0:40  Spawning Pool  
  15  0:44  Drone  
  15  0:48  Drone  
  17  1:09  Hatchery  
  16  1:12  Drone  
  16  1:16  Extractor  
  16  1:17  Drone  
  17  1:21  Drone  
  18  1:27  Zergling x2  
  19  1:35  Roach Warren  
  18  1:41  Zergling x2  
  19  1:50  Queen  
  21  1:56  Overlord  
  20  2:17  Roach x2  
  20  2:22  Roach x2  
  28  2:32  Roach  
  28  2:35  Queen  
  31  2:47  Drone x2  
  33  2:51  Drone  
  33  2:54  Drone  
  35  3:03  Roach  
  35  3:04  Overlord  
  35  3:14  Extractor  
  35  3:16  Ravager  
  35  3:23  Drone x4  
  35  3:25  Overlord  
  39  3:32  Drone x2  
  41  3:41  Drone  
  41  3:46  Drone x3  
  45  3:54  Drone  
  46  3:57  Drone  
  46  4:00  Drone  
  48  4:07  Overlord  
  48  4:10  Queen  
  48  4:14  Overlord  
  50  4:18  Hatchery  
  50  4:21  Overlord  
  49  4:26  Overlord  
  49  4:28  Drone  
  49  4:29  Roach  
  52  4:33  Roach  
  54  4:43  Roach x3  
  54  4:45  Lair  
  60  4:50  Evolution Chamber  
  60  4:51  Roach  
  60  4:52  Evolution Chamber  
  60  5:00  Drone x5  
  60  5:01  Drone  
  60  5:03  Drone  
  67  5:11  Queen  
  67  5:12  Extractor  
  67  5:13  Drone x2  
  70  5:14  Extractor  
  70  5:18  Zerg Missile Weapons Level 1  
  69  5:23  Drone  
  69  5:24  Drone x2  
  72  5:34  Overlord  
  72  5:35  Overlord  
  72  5:37  Zerg Ground Armor Level 1  
  72  5:40  Drone  
  73  5:48  Drone x7  
  78  5:57  Drone x4  
  80  5:59  Queen  
  84  6:09  Glial Reconstitution, Extractor  
  84  6:10  Zergling x2  
  84  6:11  Extractor  
  84  6:13  Drone x3  
  86  6:27  Drone x3  
  86  6:28  Drone x5  
  86  6:30  Overlord  
  86  6:32  Roach x2  
  98  6:37  Overlord x3  
  98  6:39  Overlord  
  98  6:45  Overlord, Ravager  
  98  6:49  Roach x4  
  106  6:54  Overlord  
  106  6:57  Roach  
  106  6:58  Roach  
  106  7:01  Ravager x3  
  113  7:03  Roach x4  
  123  7:08  Roach  
  119  7:18  Roach x2  
  119  7:19  Roach x2  
  119  7:22  Roach x3  
  117  7:24  Roach x2  
  117  7:28  Roach x2  
  104  7:31  Roach x3  
  105  7:41  Ravager  
  105  7:42  Roach  
Tags
 
Add a new tag
Caveats
  • Supply blocks, unpowered buildings, or Contaminate may cause inaccurate times.
  • Supply counts are checked every 10 seconds.